 Dungeon Crawl Stone Soup version 0.26-a0-104-gef3e9dd61f (webtiles) character file.

Game seed: 14374064669080697082

34 MalarOregon the Conjurer (level 3, -2/28 HPs)
             Began as a Draconian Conjurer on June 22, 2020.
             Slain by a worm (7 damage)
             ... on level 2 of the Dungeon.
             The game lasted 00:04:22 (2390 turns).

MalarOregon the Conjurer (Draconian Conjurer)       Turns: 2390, Time: 00:04:22

Health: -2/28      AC:  5    Str: 11    XL:     3   Next: 14%
Magic:  0/6        EV:  9    Int: 15    God:
Gold:   64         SH:  7    Dex: 11    Spells: 3/6 levels left

rFire    . . .     SeeInvis .   (no weapon)
rCold    . . .     Gourm    .   c - +0 kite shield
rNeg     . . .     Faith    .   (armour unavailable)
rPois    .         Spirit   .   (helmet restricted)
rElec    .         Reflect  .   (no cloak)
rCorr    .         Harm     .   (no gloves)
MR       .....                  (no boots)
Stlth    ++........             (no amulet)
HPRegen  0.09/turn              (no ring)
MPRegen  0.10/turn              (no ring)

@: very slightly contaminated
A: unfitting armour, cold-blooded, AC +5
a: no special abilities


You were on level 2 of the Dungeon.
You were not hungry.

You visited 1 branch of the dungeon, and saw 2 of its levels.

You collected 64 gold pieces.

Inventory:

Armour
 c - a +0 kite shield (worn)
   (You took it off a hobgoblin on level 1 of the Dungeon)
 l - a +2 pair of gloves
   (You found it on level 2 of the Dungeon)
Scrolls
 a - a scroll of teleportation {unknown}
 k - a scroll of identify {unknown}
 m - a scroll of fear {unknown}
Potions
 b - a potion of degeneration {unknown}
 d - a potion of haste {unknown}
 f - 2 potions of heal wounds {unknown}
 g - a potion of might {unknown}
 h - a potion of lignification {unknown}
 j - a potion of stabbing {unknown}
Comestibles
 e - 2 rations {!d}


   Skills:
 + Level 1.1 Fighting
 + Level 2.2 Dodging
 - Level 1.7 Stealth
 + Level 0.8 Shields
 + Level 0.8 Unarmed Combat
 + Level 2.2 Spellcasting
 + Level 4.1 Conjurations


You had 3 spell levels left.
You knew the following spells:

 Your Spells              Type           Power        Failure   Level  Hunger
a - Magic Dart            Conj           ##..         24%         1    #......
s - Searing Ray           Conj           ##....       36%         2    ###....

Your spell library contained the following spells:

 Spells                   Type           Power        Failure   Level  Hunger
 Dazzling Flash           Conj/Hex       #.....       86%         3    ###....
 Fulminant Prism          Conj/Hex       #.........   99%         4    #####..
 Iskenderun's Mystic Bla  Conj/Tloc      #.......     99%         4    #####..


Dungeon Overview and Level Annotations

Branches:
Dungeon (2/15)

Altars:


Innate Abilities, Weirdness & Mutations

Your plain brown scales are hard. (AC +5)
You cannot fit into any form of body armour.
You are cold-blooded and may be slowed by cold attacks.


Message History

You start resting.
A rat comes into view.
A rat is nearby!
Aim: a rat (wandering, hasn't noticed you)
You miscast Magic Dart.
Nothing appears to happen.
Aim: a rat The magic dart hits the rat.
You kill the rat!
You start resting.
You start resting.
Your magical contamination has completely faded away.
You now have 64 gold pieces (gained 17).
You butcher the rat corpse.
i - a chunk of flesh You see here a rat skeleton. x2
Found a scroll labeled CESIUH TUANN.
m - a scroll labeled CESIUH TUANN Eating a chunk of flesh.
You eat the chunk of flesh.
The worm is too close now for your liking.
A worm is nearby!
A worm is nearby!
A worm is nearby!
Aim: a worm (wandering, hasn't noticed you)
The magic dart hits the worm but does no damage.
Aim: a worm The magic dart hits the worm.
Aim: a worm (lightly wounded)
The magic dart hits the worm.
Aim: a worm (moderately wounded)
You miscast Magic Dart.
You are very lightly contaminated with residual magic.
Nothing appears to happen.
Aim: a worm (moderately wounded)
The magic dart hits the worm.
Aim: a worm (moderately wounded)
The magic dart hits the worm.
You don't have enough magic to cast that spell.
Aim: a worm (moderately wounded)
You miscast Magic Dart.
Nothing appears to happen.
The worm bites you.
You hit the worm. You barely miss the worm.
You tail-slap the worm, but do no damage.
The worm bites you!
You barely miss the worm. You block the worm's attack.
You hit the worm.
Your tail-slap misses the worm.
You hit the worm but do no damage. The worm bites you!
* * * LOW HITPOINT WARNING * * *
Unknown command.
The worm bites you!
You die...

#.##.# #.#......###.#
#.##.###.#......# #.#
#.^#...[.##########.#
##.#.(#### #...#
#.#..# #.#.# #....#
###.#.# ##..<#
#..[..# #.(## #.....#
#w@# #.....# #..#
#.....# ........>#
#.....# ...#######
#.....# #.....#
#######


You could see a worm.

Vanquished Creatures
  A dart slug (D:2)
  A leopard gecko (D:2)
  A ball python (D:1)
  4 bats (D:1)
  3 giant cockroaches
  2 goblins (D:1)
  4 hobgoblins (D:1)
  4 kobolds
  5 frilled lizards
  5 rats
30 creatures vanquished.

Notes
Turn   | Place    | Note
-------+----------+-------------------------------------------
     0 | D:1      | MalarOregon the Draconian Conjurer began the quest for the
                  | Orb.
     0 | D:1      | Reached XP level 1. HP: 14/14 MP: 3/3
   638 | D:1      | Reached XP level 2. HP: 22/22 MP: 5/5
  1867 | D:2      | Reached skill level 1 in Fighting
  1868 | D:2      | Reached XP level 3. HP: 28/28 MP: 1/6
  2166 | D:1      | Learned a level 2 spell: Searing Ray
  2390 | D:2      | Slain by a worm

Illustrated notes

Levels and vault maps discovered:
D:1:      sevenhm_arrival_forest_fort_large_4, layout_loops_ring, minivault_24,
          patterned_corridor
D:2:      layout_basic, lemuel_blue_sif_altar, first_ration, minmay_domino_4

Skill      XL: |  1  2 |
---------------+-------+-----
Dodging        | 2 |  2.2
Fighting       | 1 |  1.1
Stealth        | |  1.7
Shields        | |  0.8
Unarmed Combat | |  0.8
Spellcasting   | |  2.2
Conjurations   | |  4.1

Action                   || total
-------------------------++-------
Melee: Unarmed           ||   158
       Tailslap          ||    13
 Cast: Magic Dart        ||    44
 Stab: Sleeping          ||     2
  Eat: Chunk             ||     6
Armor: Skin              ||    47
Dodge: Dodged            ||    75
Block: Kite shield       ||    43

Table legend:
 A = Non-vault XP
 B = Vault XP
 C = Vault XP percentage of total XP
 D = Non-vault monster count
 E = Vault monster count
 F = Vault count percentage of total count
                 A         B        C        D         E       F
            +---------+---------+-------+---------+---------+-------
      Total |      49 |       0 |   0.0 |      30 |       0 |   0.0
            +---------+---------+-------+---------+---------+-------
        D:1 |      34 |       0 |   0.0 |      22 |       0 |   0.0
        D:2 |      15 |       0 |   0.0 |       8 |       0 |   0.0
            +---------+---------+-------+---------+---------+-------
